 Dungeon Crawl Stone Soup version 0.30-a0-845-g7c6808c8ce (webtiles) character file.

Game seed: 3808111314388607468

200 cforsyth the Sneak (level 6, -2/37 HPs)
             Began as a Kobold Brigand on Mar 2, 2023.
             Slain by an orc
             ... wielding a +0 flail
              (8 damage)
             ... on level 4 of the Dungeon.
             The game lasted 00:02:09 (2190 turns).

cforsyth the Sneak (Kobold Brigand)                 Turns: 2190, Time: 00:02:10

Health: -2/37      AC:  4    Str:  8    XL:     6   Next: 6%
Magic:  6/6        EV: 16    Int: 12    God:
Gold:   184        SH:  0    Dex: 19    Spells: 5/5 levels left

rFire   . . .      SeeInvis .    a - +2 dagger
rCold   . . .      Faith    .    (no shield)
rNeg    . . .      Spirit   .    b - +0 robe
rPois   .          Reflect  .    (no helmet)
rElec   .          Rampage  .    c - +0 cloak
rCorr   .                        u - +0 pair of gloves
Will    .....                    (no boots)
Stlth   +++++                    (no amulet)
HPRegen 0.26/turn                (no ring)
MPRegen 0.10/turn                (no ring)

@: no status effects
A: small, no large weapons, nightstalker 3
a: no special abilities


You were on level 4 of the Dungeon.
You visited 1 branch of the dungeon, and saw 4 of its levels.

You collected 184 gold pieces.

Inventory:

Hand Weapons
 a - a +2 dagger (weapon)
Missiles
 d - 22 poisoned darts (quivered)
 e - 3 curare-tipped darts
Armour
 b - a +0 robe (worn)
 c - a +0 cloak (worn)
 u - a +0 pair of gloves (worn)
Jewellery
 g - a +6 ring of strength
 r - a ring of wizardry
 w - a ring of flight
Scrolls
 f - a scroll of blinking {unknown}
 i - 2 scrolls of amnesia {unknown}
 k - 2 scrolls of identify {unknown}
 m - a scroll of immolation {unknown}
 n - 3 scrolls of teleportation {unknown}
 p - a scroll of magic mapping {unknown}
 q - a scroll of fog {unknown}
 s - a scroll of brand weapon {unknown}
 v - 2 scrolls of noise {unknown}
 x - a scroll of poison {unknown}
Potions
 h - a potion of heal wounds {unknown}
 j - 2 potions of brilliance {unknown}
 l - a potion of lignification {unknown}
 o - 3 potions of curing {unknown}
 t - 2 potions of attraction {unknown}


   Skills:
 + Level 3.6 Fighting
 + Level 4.4 Short Blades
 - Level 2.1 Throwing
 + Level 3.3 Dodging
 + Level 6.6 Stealth


You had 5 spell levels left.
You didn't know any spells.
Your spell library was empty.

Dungeon Overview and Level Annotations

Branches:
Dungeon (4/15)
 Temple: D:4-7

Altars:


Innate Abilities, Weirdness & Mutations

You are small and have problems with some larger weapons.
You are completely attuned to the shadows.


Message History

You kill the endoplasm!
The ogre shouts!
The ogre misses you.
You hit the ogre.
The ogre is lightly wounded.
The ogre barely misses you.
You hit the ogre.
The ogre is lightly wounded.
An orc comes into view. It is wielding a +0 flail.
The orc shouts!
You hit the ogre.
The ogre is moderately wounded.
You hear a shout! x2
The ogre barely misses you.
You hit the ogre.
The ogre is moderately wounded.
You hit the ogre but do no damage.
The ogre is moderately wounded.
The ogre hits you with a +0 giant club!
You hit the ogre.
The ogre is heavily wounded.
You hit the ogre.
The ogre is heavily wounded.
The ogre hits you with a +0 giant club!
* * * LOW HITPOINT WARNING * * *
The orc hits you with a +0 flail.
* * * LOW HITPOINT WARNING * * *
You are too injured to fight recklessly!
You are too injured to fight recklessly!
You are too injured to fight recklessly!
You are too injured to fight recklessly!
You are too injured to fight recklessly!
You are too injured to fight recklessly!
You are too injured to fight recklessly!
You are too injured to fight recklessly!
An orc comes into view. It is wielding a +0 dagger.
The orc barely misses you.
There is a stone staircase leading down here.
The orc hits you with a +0 flail!
You die...

.# .####.#
#. ...#.##.
#.####.#....
....O>@....
#...o.##..
#......#.##
######.#..+
#..###
#.....
#...#.
#.....
######..#...


You could see an ogre and an orc.

Vanquished Creatures
  An ogre (D:2)
  3 adders (D:2)
  A worm (D:2)
  4 dart slugs
  8 endoplasms
  8 giant cockroaches
  9 goblins
  9 hobgoblins
  3 jackals (D:1)
  8 kobolds
  4 quokkas
  7 ball pythons
  2 bats
  2 frilled lizards
  5 rats
74 creatures vanquished.

Notes
Turn   | Place    | Note
-------+----------+-------------------------------------------
     0 | D:1      | cforsyth the Kobold Brigand began the quest for the Orb.
     0 | D:1      | Reached XP level 1. HP: 12/12 MP: 1/1
    73 | D:1      | Reached XP level 2. HP: 18/18 MP: 2/2
   247 | D:1      | Reached XP level 3. HP: 8/22 MP: 3/3
   923 | D:2      | Reached XP level 4. HP: 27/27 MP: 4/4
  1093 | D:2      | Reached skill level 6 in Stealth
  1140 | D:2      | Noticed an ogre
  1144 | D:2      | Killed an ogre
  1145 | D:2      | Reached XP level 5. HP: 32/32 MP: 5/5
  1833 | D:3      | Reached XP level 6. HP: 36/37 MP: 6/6
  2176 | D:4      | Noticed an ogre
  2190 | D:4      | Slain by an orc

Illustrated notes

Levels and vault maps discovered:
D:1:      heliophobic_arrival_battle_scene, layout_loops_ring
D:2:      kennysheep_six_static_rooms, layout_rooms, minmay_pentomino_o4
D:3:      layout_rooms
D:4:      wad_pebble_path, layout_basic, gammafunk_temple_overflow_statue,
          serial_shops, nicolae_stop_n_shop_1, serial_forest,
          infiniplex_forest_lined_2, infiniplex_forest_clump_tiny,
          infiniplex_forest_clump_small, infiniplex_forest_straight_1,
          grunt_ministairs_8, minivault_24, kennysheep_generic_room_14

Skill      XL: |  1  2  3  4 |
---------------+-------------+-----
Short Blades   | 3 4 |  4.4
Dodging        | 2 3 |  3.3
Stealth        | 6 |  6.6
Fighting       | 3 |  3.6
Throwing       | |  2.1

Action                     |  1- 3 |  4- 6 || total
---------------------------+-------+-------++-------
  Melee: Dagger            |    69 |   115 ||   184
         Punch             |     1 |     3 ||     4
   Stab: Sleeping          |    19 |    20 ||    39
         Distracted        |       |     1 ||     1
 Armour: Robe              |    22 |     9 ||    31
  Dodge: Dodged            |    49 |    55 ||   104

Table legend: (Time is in decaauts)
 A = Elapsed time spent in this place.
 B = Non-inter-level travel time spent in this place.
 C = Inter-level travel time spent in this place.
 D = Time resting spent in this place.
 E = Time spent auto-exploring this place.
 F = Levels seen in this place.
 G = Mean time per level.
                   A        B        C        D        E       F      G
               +--------+--------+--------+--------+--------+-----+--------+
         Total |   2156 |   2094 |     62 |      0 |   1675 |   4 |  539.0 |
       Dungeon |   2156 |   2094 |     62 |      0 |   1675 |   4 |  539.0 |
               +--------+--------+--------+--------+--------+-----+--------+

Top non-repeatable levels by time:
     D:1: 880 daAuts
     D:2: 736 daAuts
     D:3: 512 daAuts
     D:4: 27 daAuts
